 Dungeon Crawl Stone Soup version 0.21.1-1-g345015f (webtiles) character file.

1037 letownia2 the Ducker (level 8, 48/48 HPs)
             Began as a Tengu Air Elementalist on Mar 4, 2018.
             Quit the game on level 8 of the Dungeon.
             The game lasted 00:15:38 (2131 turns).

letownia2 the Ducker (Tengu Air Elementalist)       Turns: 2131, Time: 00:15:39

Health: 48/48      AC:  7    Str: 10    XL:     8   Next: 24%
Magic:  12/12      EV: 14    Int: 17    God:
Gold:   238        SH:  0    Dex: 14    Spells: 7/11 levels left

rFire    . . .     SeeInvis .   s - +2 spear "Orb Guardian's Regret" {speed, rC++ rN++}
rCold    + + .     Gourm    .   (no shield)
rNeg     + + .     Faith    .   e - +0 leather armour
rPois    .         Spirit   .   (helmet restricted)
rElec    .         Reflect  .   (no cloak)
rCorr    .         Harm     .   m - +0 pair of gloves (curse)
MR       .....                  (boots unavailable)
Stlth    ++........             x - amulet of magic regeneration
HPRegen  0.16/turn              n - ring of flight
MPRegen  0.38/turn              w - +3 ring of protection

@: no status effects
A: beak, talons 3, able to fly 1
a: Fly, Evoke Flight


You were on level 8 of the Dungeon.
You were not hungry.

You visited 1 branch of the dungeon, and saw 7 of its levels.

You collected 238 gold pieces.

Inventory:

Hand Weapons
 d - a +0 dagger
 o - a +0 flail of draining
 s - the +2 spear "Orb Guardian's Regret" (weapon) {speed, rC++ rN++}
   (You found it on level 5 of the Dungeon)

   Attacks with this weapon are significantly faster.
   It greatly protects you from cold.
   It greatly protects you from negative energy.
 u - a +0 blowgun
Armour
 e - a +0 leather armour (worn)
 m - a cursed +0 pair of gloves (worn)
Jewellery
 n - a ring of flight (left hand)
 r - an uncursed ring of fire
 w - a +3 ring of protection (right hand)
 x - an amulet of magic regeneration (around neck)
Wands
 k - a wand of disintegration (25)
Scrolls
 a - a scroll of enchant weapon {unknown}
 f - 4 scrolls of identify {unknown}
 g - a scroll of amnesia {unknown}
 h - 2 scrolls of magic mapping {unknown}
 i - 2 scrolls of fog {unknown}
 j - a scroll of remove curse {unknown}
 l - a scroll of teleportation {unknown}
 q - a scroll of blinking {unknown}
 t - a scroll of noise {unknown}
Potions
 p - a potion of curing
 z - 2 potions of flight {unknown}
Books
 b - a book of Air

   Spells                             Type                      Level
   a - Shock                          Conjuration/Air              1
   b - Swiftness                      Charms/Air                   2
   c - Static Discharge               Conjuration/Air              3
   d - Airstrike                      Air                          4
   e - Lightning Bolt                 Conjuration/Air              5
Comestibles
 c - 4 rations


   Skills:
 + Level 4.5 Fighting
 + Level 5.0 Armour
 + Level 5.7 Dodging
 - Level 2.0 Stealth
 - Level 2.1 Spellcasting
 - Level 4.7 Conjurations
 - Level 4.7 Air Magic


You had 7 spell levels left.
You knew the following spells:

 Your Spells              Type           Power        Failure   Level  Hunger
a - Shock                 Conj/Air       ###.         3%          1    #......
d - Static Discharge      Conj/Air       ###.....     11%         3    ###....


Dungeon Overview and Level Annotations

Branches:
Dungeon (6/15)
 Temple: D:4-7

Altars:
Nemelex Xobeh
Trog
Wu Jian

Annotations:
D:4 Duvessa


Innate Abilities, Weirdness & Mutations

You have a beak for a mouth.
You have claws for feet.
You can fly.


Message History

No target in view!
You open the door.
Found 15 gold pieces.
There is an open door here.
You now have 209 gold pieces (gained 15).
Found a scroll labeled FATRUY JUOPH.
h - 2 scrolls labeled FATRUY JUOPH (gained 1)
Found 11 gold pieces.
You now have 220 gold pieces (gained 11).
Found a stone staircase leading up.
There is a stone staircase leading up here.
Your amulet attunes itself to your body and you begin to regenerate magic more quickly.
You fall through a shaft for 2 floors!
The shaft crumbles and collapses.
You now have 238 gold pieces (gained 18).
Okay, then.
Put on which piece of jewellery? (? for menu, Esc to quit)
Okay, then.
Wear which item? (? for menu, Esc to quit)
Okay, then.
Are you sure you want to abandon this character and quit the game? (Confirm with "yes".)

#
###.#
#@..#
#.###
#.#
...
###


There were no monsters in sight!

Vanquished Creatures
  An ice beast (D:5)
  2 ogres
  A centaur (D:5)
  A scorpion (D:5)
  4 wights (D:6)
  A howler monkey (D:4)
  2 crimson imps
  A hound (D:5)
  A bullfrog skeleton (D:5)
  An iguana (D:3)
  A worker ant (D:4)
  4 orc wizards
  Robin (D:4)
  5 adders
  3 shadow imps
  An adder skeleton (D:5)
  3 leopard geckos
  16 orcs
  A ball python (D:2)
  2 giant cockroaches
  11 goblins
  5 hobgoblins
  2 jackals
  4 kobolds
  2 quokkas
  2 bats (D:1)
  A rat (D:3)
79 creatures vanquished.

Notes
Turn   | Place    | Note
-------+----------+-------------------------------------------
     0 | D:1      | letownia2 the Tengu Air Elementalist began the quest for the Orb.
     0 | D:1      | Reached XP level 1. HP: 10/10 MP: 4/4
    55 | D:1      | Reached XP level 2. HP: 6/15 MP: 3/6
   282 | D:3      | Reached XP level 3. HP: 6/19 MP: 1/7
   478 | D:3      | Reached XP level 4. HP: 14/24 MP: 4/8
   615 | D:4      | Noticed Robin
   618 | D:4      | Killed Robin
   753 | D:4      | Noticed Duvessa
   806 | D:4      | Gained mutation: You can fly. [Tengu growth]
   806 | D:4      | Reached XP level 5. HP: 28/28 MP: 7/9
   818 | D:4      | Reached skill level 1 in Fighting
   818 | D:4      | Reached skill level 1 in Armour
   866 | D:4      | Reached XP level 6. HP: 20/35 MP: 0/10
  1027 | D:4      | Learned a level 3 spell: Static Discharge
  1169 | D:5      | Entered Level 5 of the Dungeon
  1267 | D:5      | Found a bloodstained altar of Trog.
  1482 | D:5      | Got a smoking spear
  1483 | D:5      | Identified the +2 spear "Orb Guardian's Regret" {speed, rC++ rN++} (You found it on level 5 of the Dungeon)
  1625 | D:5      | Reached XP level 7. HP: 24/41 MP: 6/11
  1687 | D:5      | Found an ornate altar of the Wu Jian Council.
  1687 | D:5      | Found a sparkling altar of Nemelex Xobeh.
  1779 | D:5      | Reached skill level 5 in Dodging
  1946 | D:6      | Reached XP level 8. HP: 32/48 MP: 4/12
  1992 | D:6      | Reached skill level 5 in Armour
  2129 | D:6      | You fall through a shaft for 2 floors!
  2131 | D:8      | Quit the game

Skill      XL: |  1  2  3  4  5  6  7  8 |
---------------+-------------------------+-----
Conjurations   | 2 4 |  4.7
Fighting       | 1 3 4 |  4.5
Armour         | 2 3 4 5 |  5.0
Dodging        | 3 4 5 |  5.7
Stealth        | |  2.0
Spellcasting   | |  2.1
Air Magic      | |  4.7

Action                   |  1- 3 |  4- 6 |  7- 9 || total
-------------------------+-------+-------+-------++-------
Melee: Peck              |     1 |     3 |     6 ||    10
       Unarmed           |     1 |       |       ||     1
       Dagger            |     6 |    16 |       ||    22
       Kick              |     1 |     7 |     8 ||    16
       Flail             |       |    13 |       ||    13
       Spear             |       |       |    28 ||    28
 Cast: Shock             |    33 |    73 |    52 ||   158
Evoke: Wand              |       |     3 |       ||     3
 Stab: Sleeping          |     1 |       |       ||     1
  Eat: Chunk             |       |     3 |     3 ||     6
Armor: Robe              |     1 |       |       ||     1
       Leather armour    |     4 |     7 |     7 ||    18
Dodge: Dodged            |    25 |    44 |    20 ||    89
